 Dungeon Crawl Stone Soup version 0.30-a0-341-g682706514a (webtiles) character file.

Game seed: 6770504116733667591

182 ytrimaz the Trooper (level 5, -1/88 HPs)
             Began as an Ogre Berserker on Nov 4, 2022.
             Was a Believer of Trog.
             Slain by a gnoll
             ... wielding a +0 spear
             ... led by a gnoll bouda
              (5 damage)
             ... on level 4 of the Dungeon.
             The game lasted 00:02:49 (2698 turns).

ytrimaz the Trooper (Ogre Berserker)                Turns: 2698, Time: 00:02:50

Health: -1/88      AC:  3    Str: 23    XL:     5   Next: 62%
Magic:  0/5        EV: 10    Int:  8    God:    Trog [**....]
Gold:   131        SH:  0    Dex:  8    Spells: 4/4 levels left

rFire   . . .      SeeInvis .    a - +1 mace
rCold   . . .      Faith    .    (no shield)
rNeg    . . .      Spirit   +    b - +0 animal skin
rPois   .          Reflect  .    (helmet restricted)
rElec   .          Harm     .    (no cloak)
rCorr   .          Rampage  .    (gloves unavailable)
Will    ++...                    (boots unavailable)
Stlth   ..........               e - amulet of guardian spirit
HPRegen 1.34/turn                (no ring)
MPRegen 0.09/turn                (no ring)

@: berserking, strong-willed (expiring), regenerating (expiring), very quick
A: large, unfitting armour, tough skin 1
a: Renounce Religion, Berserk, Trog's Hand


You were on level 4 of the Dungeon.
You worshipped Trog.
Trog was pleased with you.
You visited 1 branch of the dungeon, and saw 4 of its levels.

You collected 131 gold pieces.


Innate Abilities, Weirdness & Mutations

You are too large for most types of armour.
You have tough skin. (AC +1)


   Skills:
 + Level 5.7 Fighting
 + Level 3.8 Maces & Flails
 + Level 3.9 Dodging


You had 4 spell levels left.
You didn't know any spells.
Your spell library was empty.

Inventory:

Hand Weapons
 a - a +1 mace (weapon)
Armour
 b - a +0 animal skin (worn)
Jewellery
 e - an amulet of guardian spirit (around neck)
   (You found it on level 1 of the Dungeon)
Scrolls
 j - a scroll of fear
 n - a scroll of magic mapping
Potions
 c - 4 potions of magic {unknown}
 d - a potion of berserk rage {unknown}
 f - a potion of lignification {unknown}
 g - a potion of cancellation {unknown}
 h - a potion of might {unknown}
 k - 2 potions of mutation {unknown}
 l - a potion of degeneration {unknown}
 m - a potion of brilliance {unknown}
 o - a potion of heal wounds {unknown}
 p - a potion of curing {unknown}

Dungeon Overview and Level Annotations

Branches:
Dungeon (4/15) Zot: 21244
 Temple: D:4-7

Altars:
Fedhas
Sif Muna

Shops:
D:2

?
#..............#
#..............#
#..............#
#......).......+
.......#)#.....#
######.#)#.#+###
#.#.# # #.#.#
#.#@# #?#g# #g#
... #.. #..#
#..# #..#


You could see a gnoll bouda and a gnoll (swift).


Message History

You completely miss the howler monkey. The howler monkey hits you.
* * * LOW HITPOINT WARNING * * *
Unknown command.
You bludgeon the howler monkey!!
You kill the howler monkey!
Trog accepts your kill.
You are no longer berserk.
You are exhausted.
You feel yourself slow down.
The goblin shoots a sling bullet.
The sling bullet closely misses you. 😨 HP[-7]
You now have 59 max hp (-26).
The goblin unwields a +0 sling.
The goblin wields a +0 dagger.
The goblin closely misses you. The goblin hits you but does no damage.
Things that are here:
a +0 flail; a howler monkey corpse You barely miss the goblin.
The goblin hits you with a +0 dagger.
* * * LOW HITPOINT WARNING * * *
Unknown command. 😱 HP[-2]
You take 2 damage, and now have 14/59 hp.
You barely miss the goblin.
The goblin closely misses you. x2 😱 MP[+1]
You thump the goblin!
You kill the goblin!
Trog accepts your kill. 😨 HP[+1] Unknown command.
Things that are here:
a +0 dagger; a +0 sling; a goblin corpse You feel yourself speed up.
Key pressed, stopping explore.
Unknown command. 😨 HP[+9] MP[+3]
You regained 9 hp, and now have 24/59 hp.
Your mp is fully restored (5).
You recover from your berserk rage.
Key pressed, stopping explore.
Unknown command.
A gnoll bouda comes into view. It is wielding a +0 whip. 😮 HP[+17]
You regained 17 hp, and now have 41/59 hp.
A gnoll bouda is nearby!
Unknown command.
A gnoll bouda is nearby!
A gnoll bouda is nearby!
The gnoll bouda shouts!
The gnoll bouda gazes fiercely through you!
You feel your attacks grow feeble.
Things that are here:
a +0 flail; a howler monkey corpse 😮 HP[+1]
The gnoll bouda barks out a call to the hunt!
A gnoll comes into view. It is wielding a +0 spear.
The gnoll bouda closely misses you.
The gnoll shouts!
You hit the gnoll bouda but do no damage.
The gnoll bouda hits you with a +0 whip! 😮 HP[-7] MP[-1]
You take 7 damage, and now have 35/59 hp.
You lost 1 mp, and now have 4/5 mp.
Unknown command.
You closely miss the gnoll bouda.
The gnoll bouda hits you with a +0 whip.
* * * LOW HITPOINT WARNING * * *
😨 HP[-6]
You take 6 damage, and now have 29/59 hp.
Unknown command.
You barely miss the gnoll bouda.
Your attacks no longer feel as feeble.
The gnoll bouda hits you with a +0 whip.
* * * LOW HITPOINT WARNING * * *
The gnoll bouda closely misses you. 😨 HP[-5]
You take 5 damage, and now have 24/59 hp.
Your skin crawls.
You feel strong-willed.
The gnoll hits you from afar with a +0 spear.
* * * LOW HITPOINT WARNING * * *
The gnoll bouda hits you with a +0 whip!
* * * LOW HITPOINT WARNING * * *
😨 HP[-9] MP[-2]
You take 9 damage, and now have 15/59 hp.
You lost 2 mp, and now have 2/5 mp.
Unknown command.
You completely miss the gnoll bouda. The gnoll closely misses you.
The gnoll bouda hits you with a +0 whip!
* * * LOW HITPOINT WARNING * * *
The gnoll barely misses you. 😱 HP[-9] MP[-1]
You take 9 damage, and now have 6/59 hp.
You lost 1 mp, and now have 1/5 mp.
Unknown command.
A red film seems to cover your vision as you go berserk!
You feel yourself moving faster!
You feel mighty!
You feel the effects of Trog's Hand fading.
The gnoll bouda hits you with a +0 whip!
* * * LOW HITPOINT WARNING * * *
The gnoll hits you from afar with a +0 spear.
You die...

Skill      XL: |  1  2  3  4 |
---------------+-------------+-----
Dodging        | 3 |  3.9
Maces & Flails | 3 |  3.8
Fighting       | 5 |  5.7

Action                   |  1- 3 |  4- 6 || total
-------------------------+-------+-------++-------
Melee: Mace              |   111 |    46 ||   157
       Punch             |     1 |       ||     1
Invok: Berserk           |       |     3 ||     3
       Trog's Hand       |       |     1 ||     1
  Use: Scroll            |     3 |     3 ||     6
Armor: Animal skin       |    40 |     9 ||    49
Dodge: Dodged            |    71 |    33 ||   104

Levels and vault maps discovered:
D:1:      ldierk_walled_garden_2, layout_loops_ring
D:2:      layout_basic, serial_shops, shop
D:3:      layout_loops_corners, mainiacjoe_overflow_six_doors_small,
          fedhas_ov_isle_minmay
D:4:      minmay_clustersquares, layout_basic, mainiacjoe_overflow_24_doors,
          vehumet_altar_wand_db, uniq_robin

Notes
Turn   | Place    | Note
-------+----------+-------------------------------------------
     0 | D:1      | ytrimaz the Ogre Berserker began the quest for the Orb.
     0 | D:1      | Reached XP level 1. HP: 24/24 MP: 1/1
     0 | D:1      | magus.rc [v1.9.6]
   161 | D:1      | Reached XP level 2. HP: 28/32 MP: 2/2
   390 | D:1      | Reached skill level 3 in Dodging
   465 | D:1      | Reached skill level 3 in Maces & Flails
   602 | D:1      | Reached XP level 3. HP: 40/40 MP: 3/3
  1055 | D:2      | Found Looxzic's Magic Scroll Shoppe.
  1535 | D:3      | Found a blossoming altar of Fedhas.
  1771 | D:3      | Reached XP level 4. HP: 37/49 MP: 4/4
  2003 | D:3      | Reached ** piety under Trog
  2193 | D:3      | Found a shimmering blue altar of Sif Muna.
  2225 | D:3      | Reached skill level 5 in Fighting
  2596 | D:4      | Reached XP level 5. HP: 22/57 MP: 1/5
  2605 | D:4      | HP: 14/59 [goblin/+0 dagger (3)]
  2697 | D:4      | HP: 6/59 [gnoll bouda/+0 whip (10)]
  2698 | D:4      | Slain by a gnoll

Vanquished Creatures
  A howler monkey (D:4)
  An iguana (D:4)
  An orc wizard (D:3)
  A gnoll (D:4)
  3 adders
  2 dart slugs
  3 orcs (D:3)
  4 endoplasms
  5 goblins
  3 hobgoblins
  3 jackals (D:1)
  7 kobolds
  2 quokkas
  3 ball pythons
  7 frilled lizards
  6 rats
52 creatures vanquished.

Vanquished Creatures (others)
  4 toadstools (D:1)
4 creatures vanquished.

Grand Total: 56 creatures vanquished

Table legend:
 A = Non-vault XP
 B = Vault XP
 C = Vault XP percentage of total XP
 D = Non-vault monster count
 E = Vault monster count
 F = Vault count percentage of total count
                 A         B        C        D         E       F
            +---------+---------+-------+---------+---------+-------
      Total |     261 |       0 |   0.0 |      52 |       0 |   0.0
            +---------+---------+-------+---------+---------+-------
        D:1 |      36 |       0 |   0.0 |      20 |       0 |   0.0
        D:2 |      31 |       0 |   0.0 |      11 |       0 |   0.0
        D:3 |      81 |       0 |   0.0 |      15 |       0 |   0.0
        D:4 |     113 |       0 |   0.0 |       6 |       0 |   0.0
            +---------+---------+-------+---------+---------+-------

Illustrated notes

Table legend:
 A = Kills in this place as a percentage of kills in entire the game.
 B = Kills by you in this place as a percentage of kills by you in the entire game.
 C = Kills by friends in this place as a percentage of kills by friends in the entire game.
 D = Other kills in this place as a percentage of other kills in the entire game.
 E = Experience gained in this place as a percentage of experience gained in the entire game.
 F = Experience gained in this place divided by the number of levels of this place that you have seen.
                   A       B       C       D       E      F
               +-------+-------+-------+-------+-------+----------------------
         Total | 100.0 | 100.0 |   N/A |   N/A | 100.0 |  65.2
       Dungeon | 100.0 | 100.0 |   N/A |   N/A | 100.0 |  65.2
               +-------+-------+-------+-------+-------+----------------------

Table legend: (Time is in decaauts)
 A = Elapsed time spent in this place.
 B = Non-inter-level travel time spent in this place.
 C = Inter-level travel time spent in this place.
 D = Time resting spent in this place.
 E = Time spent auto-exploring this place.
 F = Levels seen in this place.
 G = Mean time per level.
                   A        B        C        D        E       F      G
               +--------+--------+--------+--------+--------+-----+--------+
         Total |   2754 |   2689 |     65 |    109 |   2145 |   4 |  688.5 |
       Dungeon |   2754 |   2689 |     65 |    109 |   2145 |   4 |  688.5 |
               +--------+--------+--------+--------+--------+-----+--------+

Top non-repeatable levels by time:
     D:3: 1089 daAuts
     D:1: 833 daAuts
     D:2: 704 daAuts
     D:4: 128 daAuts
